Description

This build order is really powerful and hard to stop before GM league. It works really good on the new map pool. The best map is Stasis of course. You need to open with a standard Stargate expand. First units are adept then adept. The first Stargate unit is an oracle or a phoenix: Depends of the first overlord position. Tempests are here to harass the natural expand and to force a hydralisk or corruptor reaction. Notes : - Always deny the first overlord if you can (you can do a stalker if you see him staying in your base) - You need to know if there is a third base or an all-in - Tempests can 1 shot a drone, use them to force a mass queen, hydralisk or corruptor reaction - Start the twilight council with the Fleet Beacon - Start the robo with the first tempest - Don't lose your tempest, use them for pressure

VOD

https://youtu.be/pkfgldMkr0I

Replay - BackseatCar v zuka - Champ de stase EC

Build Order

Get SALT Encoding   

  12  0:00  Probe  
  13  0:13  Probe  
  14  0:21  Probe  
  14  0:22  Pylon  
  15  0:37  Probe  
  15  0:42  Gateway  
  16  0:49  Probe  
  17  0:51  Assimilator  
  17  0:57  Probe  
  18  1:05  Probe  
  19  1:15  Probe  
  20  1:30  Nexus  
  20  1:39  Cybernetics Core  
  20  1:41  Probe  
  20  1:46  Assimilator  
  21  1:54  Probe  
  22  1:59  Pylon  
  22  2:08  Adept  
  26  2:24  Stargate  
  26  2:35  Adept  
  29  2:38  Assimilator  
  29  2:40  Warp Gate  
  32  3:01  Phoenix  
  32  3:03  Pylon  
  38  3:28  Oracle  
  43  3:39  Stalker  
  42  3:46  Shield Battery  
  46  3:56  Gateway  
  46  4:02  Pylon  
  46  4:07  Gateway  
  46  4:09  Sentry  
  48  4:20  Fleet Beacon  
  50  4:36  Gateway  
  52  4:45  Twilight Council  
  55  4:53  Tempest  
  55  4:56  Gateway x2  
  61  5:16  Robotics Facility  
  61  5:18  Pylon  
  61  5:22  Charge  
  61  5:29  Tempest  
  61  5:30  Gateway  
  66  5:46  Gateway x2  
  66  5:54  Warp Prism  
  66  6:03  Zealot x4  
  76  6:15  Zealot  
  78  6:22  Gateway  
  78  6:38  Zealot x5  
  100  7:57  Templar Archives  
Spawning Tool Build Advisor. Get it on Overwolf

Go to:

Details

  • Created by: zuka      
  • Published on: Nov 27, 2018
  • Patch: 4.7.1
Show
View Real Time Build Order
Export as new Build Order

Comments (2)

On Dec. 17, 2018, 8:34 a.m., zuka  said:

Yeah, that's exaclty what you want :D

On Dec. 2, 2018, 5 p.m., Freeman  said:

Nice build and a good point. Zealot + Archon are good against all the stuff you'd want to build against the flying frying pans. I'll keep it in mind when they push strong against my tempest and especially when I'm the one defending :D .

Create an account to comment!